 Dungeon Crawl Stone Soup version 0.28.0-45-g0d030f2227 (webtiles) character file.

Game seed: 15522132097593096280

558 firemarshallily the Skirmisher (level 7, -26/56 HPs)
             Began as a Demonspawn Berserker on Apr 24, 2022.
             Was a Priest of Trog.
             Killed by an exploding orc (41 damage)
             ... ignited by their inner flame
             ... on level 4 of the Dungeon.
             The game lasted 00:16:41 (2697 turns).

firemarshallily the Skirmisher (DsBe)               Turns: 2697, Time: 00:16:43

Health: -26/56     AC:  9    Str: 17    XL:     7   Next: 9%
Magic:  7/7        EV: 17    Int:  8    God:    Trog [***...]
Gold:   162        SH:  0    Dex: 18    Spells: 6/6 levels left

rFire   . . .      SeeInvis .   l - +7 lajatang "Niti Ergh" {flame, rN+ Str-3 Dex+6}
rCold   . . .      Faith    .   (shield currently unavailable)
rNeg    + . .      Spirit   .   p - +2 ring mail "Ciett" {+Inv rPois}
rPois   +          Reflect  .   (no helmet)
rElec   .          Harm     .   (no cloak)
rCorr   .          Rampage  .   a - +0 pair of gloves
Will    .....                   (no boots)
Stlth   +.........              (no amulet)
HPRegen 0.18/turn               (no ring)
MPRegen 0.10/turn               (no ring)

@: agile, on berserk cooldown, slowed, very slow
A: rugged brown scales 1, demonic guardian 1, powered by pain 2, weakness
stinger 1
a: Renounce Religion, Evoke Invisibility, Berserk, Trog's Hand


You were on level 4 of the Dungeon.
You worshipped Trog.
Trog was most pleased with you.
You visited 1 branch of the dungeon, and saw 4 of its levels.

You collected 162 gold pieces.

Inventory:

Hand Weapons
 f - a +2 hand axe of flaming
 l - the +7 lajatang "Niti Ergh" (weapon) {flame, rN+ Str-3 Dex+6}
   (You found it on level 3 of the Dungeon)

   It burns those it strikes, dealing additional fire damage.
   Big, fiery blades are also staple armaments of hydra-hunters.
   Str:       It affects your strength (-3).
   Dex:       It affects your dexterity (+6).
   rN:        It protects you from negative energy.
Missiles
 d - 106 stones (quivered)
 n - 8 poisoned darts
Armour
 a - a +0 pair of gloves (worn)
 p - the +2 ring mail "Ciett" (worn) {+Inv rPois}
   (You found it on level 3 of the Dungeon)

   rPois:     It protects you from poison.
   +Inv:      It lets you turn invisible.
Scrolls
 b - 2 scrolls of immolation
 c - a scroll of fear
 e - a scroll of identify
Potions
 g - 2 potions of resistance
 h - a potion of heal wounds {unknown}
 i - a potion of lignification {unknown}
 k - a potion of flight {unknown}
 m - a potion of cancellation {unknown}
 o - a potion of curing {unknown}


   Skills:
 + Level 4.5 Fighting
 - Level 3.3 Axes
 * Level 3.4 Staves
 + Level 2.0 Throwing
 + Level 3.0 Armour
 + Level 3.1 Dodging


You had 6 spell levels left.
You didn't know any spells.
Your spell library was empty.

Dungeon Overview and Level Annotations

Branches:
Dungeon (4/15)
 Temple: D:4-7

Altars:
Ashenzari
Fedhas
Ru

Shops:
D:1 =   D:4 !


Innate Abilities, Weirdness & Mutations

You are partially covered in rugged brown scales. (AC +1, +3% HP)
A weak demonic guardian rushes to your aid.
You sometimes gain power by taking damage.
You have a small tail.


Message History

An orc priest comes into view. It is wielding a +0 whip.
The orc closely misses you. The orc hits you but does no damage.
The orc priest shouts!
You slash the orc! You burn the orc.
You kill the orc!
Trog accepts your kill. The orc hits you but does no damage.
The orc priest mumbles some strange prayers to Beogh against you.
Beogh smites you!
* * * LOW HITPOINT WARNING * * *
You focus on the pain.
You feel agile all of a sudden. The orc closely misses you.
The orc barely misses you. The orc hits you but does no damage.
The orc barely misses you.
Things that are here:
a ball python corpse; a water moccasin corpse The orc hits you but does no damage.
You hit the orc. You burn the orc.
The orc is heavily wounded.
The orc barely misses you. The orc hits you with a +0 dagger.
* * * LOW HITPOINT WARNING * * *
Unknown command.
As you read the scroll of immolation, it crumbles to dust.
The creatures around you are filled with an inner flame!
The orc misses you.
You closely miss the orc.
You tail-slap the orc, but do no damage.
The orc is heavily wounded.
The orc barely misses you. The orc hits you but does no damage.
The orc hits you but does no damage. The orc closely misses you.
You slash the orc! You burn the orc. Trog accepts your kill.
The orc explodes!
The fiery explosion engulfs the orc!
Trog accepts your kill. The fiery explosion engulfs you!!!
Ouch! That really hurt!
You die...

##. .##..#...)).... #.♣
### ♣.#.###..#####.
#.##.. #.### ##..## ##
#.#.♣.♣.#.### ##..# #
#o)..>..#.'.# #...# #
#o# #.#.###..#.# # #.#
#.#..#..##.## #
#o♣#####♣.#.#.#.#...###
##o.§§@..##.#.#..#.#.##
#########..#.#........
#....##.#.#.##
##.#####...##
#.)......## ##########


You could see an orc priest and an orc.

Vanquished Creatures
  Sigmund (D:3)
  A water moccasin (D:4)
  A kobold brigand (D:4)
  A howler monkey (D:4)
  A hound (D:4)
  A hound skeleton (D:4)
  4 gnolls (D:3)
  2 adders
  2 ufetubi (D:4)
  2 dart slugs
  14 orcs
  6 ball pythons
  6 endoplasms
  3 giant cockroaches (D:1)
  5 goblins
  6 hobgoblins
  6 kobolds
  4 quokkas
  7 bats
  2 frilled lizards
  4 rats
79 creatures vanquished.

Vanquished Creatures (others)
  6 plants (D:3)
6 creatures vanquished.

Grand Total: 85 creatures vanquished

Notes
Turn   | Place    | Note
-------+----------+-------------------------------------------
     0 | D:1      | firemarshallily the Demonspawn Berserker began the quest
                  | for the Orb.
     0 | D:1      | Reached XP level 1. HP: 18/18 MP: 1/1
   176 | D:1      | Gained mutation: You sometimes gain a little power by
                  | taking damage. [demonic ancestry]
   176 | D:1      | Reached XP level 2. HP: 23/24 MP: 2/2
   390 | D:1      | Found a faded altar of an unknown god.
   577 | D:1      | Found Wiqy's Jewellery Boutique.
   630 | D:1      | Reached ** piety under Trog
   631 | D:1      | Gained mutation: You have a small tail. [demonic ancestry]
   631 | D:1      | Reached XP level 3. HP: 25/29 MP: 3/3
  1516 | D:3      | Identified the +7 lajatang "Niti Ergh" {flame, rN+ Str-3
                  | Dex+6}
  1650 | D:3      | Gained mutation: You are partially covered in rugged brown
                  | scales. (AC +1, +3% HP) [demonic ancestry]
  1650 | D:3      | Reached XP level 4. HP: 25/37 MP: 4/4
  1656 | D:3      | Reached skill level 1 in Staves
  1680 | D:3      | Found a broken altar of Ashenzari.
  1830 | D:3      | Found a sacrificial altar of Ru.
  1988 | D:3      | Found a blossoming altar of Fedhas.
  1997 | D:3      | Noticed Sigmund
  2009 | D:3      | Killed Sigmund
  2010 | D:3      | Reached skill level 4 in Fighting
  2010 | D:3      | Reached skill level 1 in Throwing
  2010 | D:3      | Gained mutation: You sometimes gain power by taking damage.
                  | [demonic ancestry]
  2010 | D:3      | Reached XP level 5. HP: 42/43 MP: 5/5
  2016 | D:3      | Reached XP level 6. HP: 49/49 MP: 6/6
  2131 | D:3      | Identified the +2 ring mail "Ciett" {+Inv rPois}
  2470 | D:4      | Found Alyegunu's Distillery.
  2581 | D:4      | Reached *** piety under Trog
  2669 | D:4      | Noticed a water moccasin
  2679 | D:4      | Killed a water moccasin
  2680 | D:4      | Gained mutation: A weak demonic guardian rushes to your
                  | aid. [demonic ancestry]
  2680 | D:4      | Reached XP level 7. HP: 42/56 MP: 7/7
  2697 | D:4      | Killed by an exploding orc... ignited by their inner flame

Illustrated notes

Levels and vault maps discovered:
D:1:      heliophobic_arrival_ceremonial_halls, layout_basic, serial_shops,
          nicolae_shop_trees, basic_ecumenical_altar, minmay_cupped
D:2:      layout_basic
D:3:      layout_rooms, lemuel_crystal_altar, lemuel_round_altar,
          fedhas_ov_isle_minmay, hangedman_feature_mirror,
          serial_bayou_lagoon_a, uniq_sigmund
D:4:      layout_loops_ring, serial_shops, nicolae_stop_n_shop_2,
          grunt_ministairs_11

Skill      XL: |  1  2  3  4  5  6 |
---------------+-------------------+-----
Axes           | 3 |  3.3
Dodging        | 2 3 |  3.1
Armour         | 2 3 |  3.0
Staves         | 2 3 |  3.4
Fighting       | 4 |  4.5
Throwing       | 1 2 |  2.0

Action                   |  1- 3 |  4- 6 |  7- 9 || total
-------------------------+-------+-------+-------++-------
Melee: Hand axe          |    76 |       |       ||    76
       Lajatang          |    10 |   109 |     7 ||   126
       Tailslap          |     1 |    13 |     1 ||    15
       Short sword       |     1 |       |       ||     1
Throw: Stone             |     5 |    13 |       ||    18
Invok: Berserk           |       |     2 |       ||     2
  Use: Scroll            |       |     4 |     1 ||     5
Armor: Animal skin       |     9 |       |       ||     9
       Ring mail         |    11 |    35 |     7 ||    53
Dodge: Dodged            |    60 |    45 |     9 ||   114
